[Event "Team 45 45 League T50"]
[Site "Internet Chess Club"]
[Date "2011.09.22"]
[Round "6"]
[White "beitmery"]
[Black "nosir"]
[Result "0-1"]
[WhiteElo "1540"]
[BlackElo "1539"]
[Opening "Nimzo-Indian: 4.e3, Botvinnik system"]
[ECO "E49"]
[Time "16:33:50"]
[TimeControl "2700+45"]

1. d4 Nf6 2. c4 e6 3. Nc3 Bb4 4. a3 Bxc3+ 5. bxc3 O-O 6. e3 d5 7. Bd3 Nbd7 8.
Ne2 c5 9. O-O b6 10. cxd5 exd5 11. Ng3 Bb7 12. f3 Re8 13. Re1 cxd4 14. cxd4 Nf8
15. e4 dxe4 16. fxe4 Qxd4+ 17. Be3 Qe5 18. Qd2 Rad8 19. Qc2 Ne6 20. Qb3 Nd4 21.
Bxd4 Qxd4+ 22. Kh1 Qxd3 23. Qb4 Nxe4 {White resigns} 0-1

[Event "Team 45 45 League T50"]
[Site "Internet Chess Club"]
[Date "2011.09.15"]
[Round "6"]
[White "cmarler"]
[Black "Tjet"]
[Result "1/2-1/2"]
[WhiteElo "1449"]
[BlackElo "1459"]
[Opening "King's pawn opening"]
[ECO "B07"]
[Time "21:07:32"]
[TimeControl "2700+45"]

1. e4 d6 2. d4 e5 3. dxe5 dxe5 4. Qxd8+ Kxd8 5. Bc4 Be6 6. Bxe6 fxe6 7. Bg5+ Nf6
8. Bxf6+ gxf6 9. Nd2 Bd6 10. O-O-O Ke7 11. Ne2 Nc6 12. Nc4 b5 13. Nxd6 cxd6 14.
Kb1 b4 15. Rd3 a5 16. Rhd1 Rad8 17. a3 bxa3 18. Rxa3 d5 19. exd5 Rxd5 20. Rxd5
exd5 21. c3 Rg8 22. g3 Rg4 23. f3 Rg8 24. Kc2 Rb8 25. b3 Kd6 26. Ra4 Rb7 27. g4
Re7 28. Ng3 Rb7 29. Nf5+ Kc5 30. Ng3 Kd6 31. h4 Ke6 32. Ra1 Rc7 33. Kd3 Rb7 34.
Kc2 Rc7 35. Kb2 Ra7 36. Ne2 Kd6 37. Rd1 Ke6 38. f4 e4 39. Nd4+ Nxd4 40. cxd4 Kd6
41. Ka3 e3 42. Re1 Re7 {Game drawn by mutual agreement} 1/2-1/2

[Event "Team 45 45 League T50"]
[Site "Internet Chess Club"]
[Date "2011.09.17"]
[Round "6"]
[White "dpmdpm"]
[Black "MCJR"]
[Result "1/2-1/2"]
[WhiteElo "1553"]
[BlackElo "1457"]
[Opening "Sicilian: closed"]
[ECO "B24"]
[Time "11:00:32"]
[TimeControl "2700+45"]

1. e4 c5 2. Nc3 Nc6 3. g3 d6 4. Bg2 Nf6 5. f4 e5 6. d3 g6 7. Nf3 Bg7 8. h3 Nh5
9. Ne2 Nd4 10. Nfxd4 cxd4 11. g4 Nf6 12. O-O O-O 13. fxe5 dxe5 14. Bg5 Qb6 15.
Rb1 Nd7 16. Qd2 Nc5 17. b3 Ne6 18. Bh6 Bd7 19. Bxg7 Kxg7 20. Kh1 Qd8 21. c3 Bc6
22. cxd4 exd4 23. Nf4 Rc8 24. Rbc1 Qd6 25. Nxe6+ fxe6 26. Rxf8 Rxf8 27. Rf1
Rxf1+ 28. Bxf1 e5 29. Qc2 Qf6 30. Qg2 {Game drawn by mutual agreement} 1/2-1/2

[Event "Team 45 45 League T50"]
[Site "Internet Chess Club"]
[Date "2011.09.17"]
[Round "6"]
[White "pudge"]
[Black "bmw2002"]
[Result "1-0"]
[WhiteElo "1516"]
[BlackElo "1537"]
[Opening "Caro-Kann: exchange variation"]
[ECO "B13"]
[Time "13:10:25"]
[TimeControl "2700+45"]

1. e4 c6 2. d4 d5 3. exd5 cxd5 4. Bd3 Nc6 5. c3 e5 6. dxe5 Nxe5 7. Qe2 Qe7 8.
Bb5+ Bd7 9. Bxd7+ Nxd7 10. Bf4 Ngf6 11. Nd2 Nc5 12. Be3 Qe6 13. Ngf3 Bd6 14.
Qb5+ Qd7 15. Qxd7+ Kxd7 16. O-O h6 17. Bxc5 Bxc5 18. Ne5+ Ke7 19. Rfe1 Kf8 20.
Re2 Rd8 21. Rae1 g5 22. Nb3 Bb6 23. a4 a5 24. Nd4 Bc5 25. Nd3 Bxd4 26. cxd4 Re8
27. Ne5 Kg7 28. Nd3 {Black forfeits on time} 1-0

[Event "Team 45 45 League T50"]
[Site "Internet Chess Club"]
[Date "2011.09.18"]
[Round "6"]
[White "Gilguli"]
[Black "spongenotbob"]
[Result "1-0"]
[WhiteElo "1375"]
[BlackElo "1459"]
[Opening "QGD Slav accepted"]
[ECO "D15"]
[Time "15:10:51"]
[TimeControl "2700+45"]

1. d4 d5 2. Nf3 Nf6 3. c4 c6 4. Nc3 dxc4 5. Bg5 Nd5 6. e3 b5 7. a4 Nxc3 8. bxc3
Nd7 9. h3 h6 10. Bf4 e6 11. Qb1 Qa5 12. Qb2 b4 13. Bxc4 bxc3 14. Qc2 Qb4 15. Bd3
Nb6 16. O-O Be7 17. a5 Qb2 18. axb6 Qxc2 19. Bxc2 a6 20. Ba4 Bb7 21. Ne5 Rc8 22.
Rfc1 Bb4 23. Nd3 a5 24. Nxb4 axb4 25. Bc7 O-O 26. Rab1 Ra8 27. Bb3 Ra3 28. Bd6
Rfa8 29. Bxb4 R3a6 30. Bc5 Ra5 31. Rxc3 Rb5 32. Bc2 Rxb1+ 33. Bxb1 Ra1 34. Rb3
Ba6 35. b7 {Black resigns} 1-0

[Event "Team 45 45 League T50"]
[Site "Internet Chess Club"]
[Date "2011.09.18"]
[Round "6"]
[White "houseofcook"]
[Black "medsurg"]
[Result "1/2-1/2"]
[WhiteElo "1457"]
[BlackElo "1346"]
[Opening "Scotch gambit: Benima defense"]
[ECO "C44"]
[Time "15:00:05"]
[TimeControl "2700+45"]

1. e4 e5 2. Nf3 Nc6 3. d4 exd4 4. Bc4 Be7 5. e5 d5 6. Bb5 Bd7 7. Bxc6 Bxc6 8.
Qxd4 Bb5 9. Nc3 c5 10. Qg4 g6 11. Bd2 Bc6 12. O-O Qd7 13. Qxd7+ Kxd7 14. Rfe1
Re8 15. a4 a6 16. Ng5 Bxg5 17. Bxg5 Re6 18. f4 Ne7 19. Rad1 d4 20. Ne4 Bxe4 21.
Rxe4 Nf5 22. Ree1 Kc6 23. Rd2 h5 24. Kf2 Rb8 25. Rd3 c4 26. Rdd1 Kc5 27. Rb1 a5
28. c3 b5 29. cxd4+ Nxd4 30. axb5 Kxb5 31. Red1 Kc5 32. Rdc1 Rb3 33. Ra1 Kb5 34.
Ra2 Rd3 35. Rb1 Nb3 36. Ke2 Rd2+ 37. Kf3 Rc6 38. Re1 c3 39. f5 Rd3+ 40. Re3
Rxe3+ 41. Bxe3 c2 42. Ra3 c1=Q 43. Rxb3+ Ka6 44. Bxc1 Rxc1 {Game drawn by mutual
agreement} 1/2-1/2

[Event "Team 45 45 League T50"]
[Site "Internet Chess Club"]
[Date "2011.09.18"]
[Round "6"]
[White "zigzag2002"]
[Black "rook9999"]
[Result "1-0"]
[WhiteElo "1822"]
[BlackElo "1731"]
[Opening "Sicilian: Alapin's variation (2.c3)"]
[ECO "B22"]
[Time "09:00:12"]
[TimeControl "2700+45"]

1. e4 c5 2. c3 d5 3. exd5 Qxd5 4. d4 Nc6 5. Nf3 Bg4 6. Be2 cxd4 7. cxd4 e6 8.
Nc3 Bb4 9. O-O Qd7 10. h3 Bxf3 11. Bxf3 Nf6 12. Bg5 Be7 13. Bxf6 Bxf6 14. d5 Ne5
15. dxe6 Nxf3+ 16. Qxf3 fxe6 17. Rad1 Qf7 18. Nb5 O-O 19. Nd6 Qc7 20. Qb3 Kh8
21. Qxe6 Bxb2 22. Qb3 Be5 23. Qe6 Bxd6 24. Qxd6 Qxd6 25. Rxd6 Rad8 26. Rfd1 Rxd6
27. Rxd6 Kg8 28. Rd7 Rf7 29. Rd8+ Rf8 30. Rxf8+ Kxf8 31. Kf1 Ke7 32. Ke2 Kd6 33.
Kd3 b5 34. f4 a5 35. g4 Kd5 36. h4 b4 37. h5 a4 38. g5 b3 39. h6 g6 40. axb3
axb3 41. f5 b2 42. Kc2 gxf5 43. g6 f4 44. gxh7 f3 45. h8=Q f2 46. Qf8 Ke4 47.
Qxf2 {Black resigns} 1-0

[Event "Team 45 45 League T50"]
[Site "Internet Chess Club"]
[Date "2011.09.16"]
[Round "6"]
[White "Mymas"]
[Black "kmicc"]
[Result "1/2-1/2"]
[WhiteElo "1477"]
[BlackElo "1414"]
[Opening "Bishop's opening"]
[ECO "C23"]
[Time "17:05:21"]
[TimeControl "2700+45"]

1. e4 e5 2. Bc4 Nc6 3. d3 Bc5 4. Qg4 Qf6 5. Qf3 d6 6. Nc3 Bg4 7. Qxg4 Qxf2+ 8.
Kd1 Qf1+ 9. Kd2 Bxg1 10. Rxg1 Qxg1 11. Qxg7 Qf2+ 12. Kd1 Qf6 13. Qxf6 Nxf6 14.
Nb5 Rc8 15. Bg5 Ke7 16. Nc3 Rhg8 17. Nd5+ Kd8 18. Bxf6+ Ke8 19. g3 Rg6 20. Bb5
Rh6 21. Bxc6+ bxc6 22. Bg5 Rxh2 23. Nf6+ Kf8 24. Rc1 {Game drawn by mutual
agreement} 1/2-1/2

[Event "Team 45 45 League T50"]
[Site "Internet Chess Club"]
[Date "2011.09.15"]
[Round "6"]
[White "cys456"]
[Black "baseball613"]
[Result "1-0"]
[WhiteElo "1634"]
[BlackElo "1310"]
[Opening "Caro-Kann defense"]
[ECO "B10"]
[Time "20:01:54"]
[TimeControl "2700+45"]

1. e4 c6 2. Nf3 d5 3. e5 Bf5 4. d4 e6 5. Bd3 Bg6 6. O-O c5 7. c3 Nc6 8. Be3 Qb6
9. b3 Rc8 10. Bxg6 hxg6 11. Nbd2 cxd4 12. cxd4 Nge7 13. Re1 Nf5 14. Nf1 Nfxd4
15. Nxd4 Nxd4 16. Bxd4 Qd8 17. Rc1 Rxc1 18. Qxc1 b6 19. Qc6+ Qd7 20. Qa8+ Qd8
21. Qxa7 Be7 22. Bxb6 Qd7 23. Rc1 O-O 24. Qxd7 {Black resigns} 1-0

[Event "Team 45 45 League T50"]
[Site "Internet Chess Club"]
[Date "2011.09.18"]
[Round "6"]
[White "iwin2"]
[Black "cazj"]
[Result "1/2-1/2"]
[WhiteElo "1373"]
[BlackElo "1346"]
[Opening "Sicilian: Grand Prix attack"]
[ECO "B23"]
[Time "10:04:06"]
[TimeControl "2700+45"]

1. e4 c5 2. Nc3 Nc6 3. f4 e6 4. Nf3 b6 5. Bc4 Bb7 6. d3 Nd4 7. O-O Nf6 8. Be3
Nxf3+ 9. Qxf3 Bc6 10. Bb3 b5 11. Qe2 b4 12. Na4 Qa5 13. Qf2 Bxa4 14. Bxa4 Qxa4
15. Bxc5 d6 16. Bd4 Be7 17. e5 Nd5 18. exd6 Bf6 19. Bxf6 Nxf6 20. Qc5 O-O 21. f5
Rac8 22. Qe3 exf5 23. Rxf5 Qxc2 24. Qg3 Qxb2 25. Raf1 Rc1 26. Rxf6 Rxf1+ 27.
Rxf1 Qxa2 28. d7 Qd5 29. Qc7 Qd4+ 30. Kh1 Qxd3 31. Re1 a6 32. Qc8 g6 33. h3 b3
34. Re8 Qf1+ 35. Kh2 Qf4+ 36. Kh1 Qf1+ {Game drawn by mutual agreement} 1/2-1/2

[Event "Team 45 45 League T50"]
[Site "Internet Chess Club"]
[Date "2011.09.19"]
[Round "6"]
[White "DARKwizard1"]
[Black "Boromir"]
[Result "1-0"]
[WhiteElo "2020"]
[BlackElo "1917"]
[Opening "Robatsch defense: two knights variation"]
[ECO "B07"]
[Time "16:09:18"]
[TimeControl "2700+45"]

1. e4 d6 2. d4 g6 3. Nc3 Bg7 4. Nf3 c5 5. dxc5 Bxc3+ 6. bxc3 dxc5 7. Qxd8+ Kxd8
8. Be3 b6 9. Bb5 Bd7 10. O-O-O Ke8 11. Bc4 e6 12. Ne5 Nf6 13. f3 h6 14. g4 Ba4
15. Rd6 Ke7 16. Rhd1 Nbd7 17. Nxd7 Nxd7 18. Bb3 {Black resigns} 1-0

[Event "Team 45 45 League T50"]
[Site "Internet Chess Club"]
[Date "2011.09.20"]
[Round "6"]
[White "crimsonviper"]
[Black "Vin07"]
[Result "1-0"]
[WhiteElo "1877"]
[BlackElo "1511"]
[Opening "QGD Slav defense"]
[ECO "D10"]
[Time "11:00:32"]
[TimeControl "2700+45"]

1. d4 d5 2. c4 c6 3. Nc3 Nf6 4. Bg5 a6 5. Qb3 e6 6. Nf3 Be7 7. e3 Nbd7 8. c5 O-O
9. Be2 h6 10. Bh4 Re8 11. O-O Nh7 12. Bg3 Nhf6 13. Ne5 Nxe5 14. Bxe5 Nd7 15. Bg3
Bf6 16. f4 Be7 17. Na4 f5 18. Qc2 Rb8 19. b4 Rf8 20. Bf2 Qc7 21. g4 g6 22. Kh1
Kh7 23. Rg1 Rg8 24. Rg2 Qd8 25. Rag1 Nf6 26. Bh4 Nd7 27. Be1 Nf6 28. Nb6 Bd7 29.
gxf5 exf5 30. Nxd7 Qxd7 31. Bd3 Ne4 32. Bxe4 dxe4 33. Qc4 Qd5 34. Qxd5 cxd5 35.
a4 Rbc8 36. b5 axb5 37. axb5 b6 38. c6 Bd6 39. Ra2 Ra8 40. Rgg2 Rg7 41. Rxa8
{Black resigns} 1-0

[Event "Team 45 45 League T50"]
[Site "Internet Chess Club"]
[Date "2011.09.19"]
[Round "6"]
[White "jps7"]
[Black "oldsj"]
[Result "1/2-1/2"]
[WhiteElo "1603"]
[BlackElo "1525"]
[Opening "King's Indian: East Indian defense"]
[ECO "A48"]
[Time "13:00:24"]
[TimeControl "2700+45"]

1. d4 Nf6 2. Nf3 g6 3. e3 Bg7 4. Bd3 O-O 5. O-O d6 6. h3 Nbd7 7. c3 c5 8. Qc2 d5
9. Bb5 c4 10. Bxd7 Bxd7 11. Ne5 Bf5 12. Qd1 Ne4 13. Nd2 Qc7 14. g4 Nxd2 15. Bxd2
Be6 16. f4 f6 17. Nf3 Bd7 18. Kg2 e5 19. fxe5 fxe5 20. Qe2 e4 21. Nh2 Bf6 22.
Be1 Qd6 23. Bg3 Qe7 24. Rf2 Rf7 25. Raf1 Raf8 26. Qc2 b5 27. b4 Qd8 28. Bd6 Bh4
29. Bxf8 Bxf2 30. Rxf2 Qxf8 31. Rxf7 Qxf7 32. Qf2 h5 33. Qxf7+ Kxf7 34. g5 h4
35. Ng4 Ke7 36. Nf6 Be6 37. Ng4 Bd7 38. Ne5 Be8 39. Ng4 Bd7 {Game drawn by
repetition} 1/2-1/2

[Event "Team 45 45 League T50"]
[Site "Internet Chess Club"]
[Date "2011.09.18"]
[Round "6"]
[White "alexping"]
[Black "viking99"]
[Result "1/2-1/2"]
[WhiteElo "1914"]
[BlackElo "1828"]
[Opening "Grünfeld: Spassky variation, main line, 10...cd, 11.cd"]
[ECO "D88"]
[Time "12:13:04"]
[TimeControl "2700+45"]

1. d4 Nf6 2. c4 g6 3. Nc3 d5 4. cxd5 Nxd5 5. e4 Nxc3 6. bxc3 Bg7 7. Bc4 c5 8.
Ne2 Nc6 9. Be3 O-O 10. O-O cxd4 11. cxd4 Bg4 12. f3 Na5 13. Bxf7+ Rxf7 14. fxg4
Rxf1+ 15. Kxf1 e5 16. dxe5 Bxe5 17. Bd4 Bxd4 18. Qxd4 Qxd4 19. Nxd4 Nc4 20. Re1
Re8 21. Nf3 Kg7 22. g5 b5 23. e5 Kf7 24. Re4 Ke6 25. a4 a6 26. axb5 axb5 27. Rh4
Kf5 28. Rxh7 Nxe5 29. Rb7 Nxf3 30. gxf3 Kxg5 31. Rxb5+ Kf4 32. Kf2 Rh8 33. Rb4+
Kf5 34. Kg3 g5 35. Rb5+ Kf6 36. Ra5 Rh4 37. Ra8 Kf5 38. Rf8+ Kg6 39. Re8 Kf5 40.
Re4 Rh8 41. Rg4 Rg8 42. Kf2 Rh8 43. Kg2 Rh6 44. Ra4 Rh8 45. Kg3 Rh7 46. Ra2 Rh4
47. Ra5+ Kf6 48. Rd5 Kg6 49. Rd8 Kf6 50. Rf8+ Kg7 51. Re8 Kg6 52. Re4 Rh8 53.
Rg4 Kf5 54. Ra4 Kg6 55. Rg4 Kf5 56. Kg2 Rh6 57. Rg3 Kf4 58. Rg4+ Kf5 59. Rc4 Rh8
60. Kg3 Rh7 61. Rg4 Rg7 62. Kg2 Rh7 63. Rc4 Rh8 64. Kg3 Rh7 65. Rc8 Kf6 66. Rc5
Rh8 67. Rd5 Rh4 68. Rd2 Kf5 69. Re2 Rh8 70. Re4 Rh7 71. Kg2 Rh8 72. Rg4 Rh7 73.
Kg3 Rg7 74. h3 Rg8 75. Rb4 Rh8 76. Rb1 Rh4 77. Rh1 Rf4 78. Rh2 Rh4 79. Re2 Rh8
80. Re7 Rh4 81. Re8 Kg6 82. Rg8+ Kf5 83. Kg2 Kf6 84. Kh2 Kf5 85. Kg3 Rh7 86. Rb8
Rh4 87. Rb5+ Kf6 88. Rd5 Kg6 89. Re5 Kf6 90. Re4 Rh8 91. Rg4 Kf5 92. f4 {Game
drawn by mutual agreement} 1/2-1/2

[Event "Team 45 45 League T50"]
[Site "Internet Chess Club"]
[Date "2011.09.17"]
[Round "6"]
[White "badmove"]
[Black "MontanaSky"]
[Result "1-0"]
[WhiteElo "1771"]
[BlackElo "1749"]
[Opening "Bogo-Indian defense, Grünfeld variation"]
[ECO "A40"]
[Time "16:01:01"]
[TimeControl "2700+45"]

1. d4 e6 2. c4 Bb4+ 3. Nd2 Nf6 4. Nf3 b6 5. a3 Bxd2+ 6. Bxd2 Bb7 7. Bg5 d5 8. e3
Nbd7 9. Bd3 Qc8 10. Qc2 h6 11. Bh4 O-O 12. b4 c5 13. cxd5 Nxd5 14. bxc5 bxc5 15.
O-O cxd4 16. Nxd4 Qxc2 17. Bxc2 a6 18. Rab1 Ra7 19. Rb2 N5f6 20. Ba4 Nc5 21.
Bxf6 Nxa4 22. Rb4 gxf6 23. Rxa4 Bd5 24. Rb4 a5 25. Rb6 a4 26. Rb4 Rfa8 27. Ra1
Ra5 28. Rab1 Kg7 29. Rb5 Bb3 30. Rxa5 Rxa5 31. Nxb3 axb3 32. Rxb3 Rc5 33. h4
Rc1+ 34. Kh2 Ra1 35. g3 Ra2 36. Kg2 Kg6 37. Kf3 f5 38. Rc3 h5 39. Rb3 Kg7 40.
Rc3 Kf6 41. e4 fxe4+ 42. Kxe4 Kg6 43. f4 Kf6 44. Rb3 Re2+ 45. Re3 Ra2 46. Kd4
Ra1 47. Kc4 Kf5 48. Kb5 Kg4 49. a4 Rb1+ 50. Kc4 Ra1 51. Kb4 Rb1+ 52. Rb3 Ra1 53.
a5 f6 54. Kb5 e5 55. fxe5 fxe5 56. Kb6 e4 57. a6 Rd1 58. a7 Rd8 59. Kc7 Rg8 60.
Kb7 Rg7+ 61. Ka6 Rg8 62. Rb8 Rg6+ 63. Kb5 {Black resigns} 1-0

[Event "Team 45 45 League T50"]
[Site "Internet Chess Club"]
[Date "2011.09.19"]
[Round "6"]
[White "misuc56"]
[Black "theapprentice"]
[Result "0-1"]
[WhiteElo "1737"]
[BlackElo "1671"]
[Opening "Benoni defense"]
[ECO "A56"]
[Time "18:12:10"]
[TimeControl "2700+45"]

1. d4 Nf6 2. c4 c5 3. e3 cxd4 4. exd4 g6 5. h3 d5 6. Nf3 Bg7 7. Nc3 O-O 8. Be2
Nc6 9. Be3 Bf5 10. a3 e6 11. c5 Qd7 12. Rc1 Rfe8 13. Bb5 a6 14. Ne5 Qc7 15. Bxc6
bxc6 16. O-O Ne4 17. f4 Bxe5 18. fxe5 Reb8 19. g4 Nxc3 20. Rxc3 Be4 21. b4 a5
22. Rb3 axb4 23. axb4 Ra2 24. Rf2 Rxf2 25. Kxf2 Qd8 26. Kg3 Ra8 27. Qd2 Ra1 28.
Qf2 h5 29. g5 Qa8 30. b5 Ra2 31. Rb2 Rxb2 32. Qxb2 cxb5 33. h4 Qa4 34. Qc1 Qa2
35. Bd2 b4 36. c6 Qb3+ 37. Be3 Qa2 38. Qd2 Qa6 39. c7 Qc8 40. Qxb4 Qxc7 41. Qc5
Qxc5 42. dxc5 Kf8 43. Bd4 Ke8 44. c6 Kd8 45. Bb6+ Kc8 46. Kf4 Bd3 47. Ke3 Bb5
48. c7 Bd7 49. Kd4 Kb7 50. Ba5 Ka6 51. Bb4 Kb5 52. Bd6 Kc6 53. Kc3 Bc8 54. Kb4
d4 55. Kc4 d3 56. Kxd3 Kd5 57. Kc3 Ke4 58. Kb4 Kf5 59. Kc5 Kg4 60. Kc6 Kxh4 61.
Be7 Kg4 62. Kb6 h4 63. Bc5 h3 64. Bg1 Kxg5 65. Ka7 Kf5 66. Kb8 Ba6 67. Bh2 g5
68. c8=Q Bxc8 69. Kxc8 Kg4 70. Kd7 Kf3 71. Ke7 g4 72. Kxf7 g3 73. Bxg3 Kxg3 74.
Kxe6 h2 75. Kf7 h1=Q 76. e6 Qh7+ 77. Kf8 Qf5+ 78. Ke7 Kf4 79. Kd6 Qf6 80. Kd7
Qd4+ 81. Ke8 Kf5 82. e7 Kf6 83. Kf8 Qd6 84. Ke8 Qxe7# {White checkmated} 0-1

[Event "Team 45 45 League T50"]
[Site "Internet Chess Club"]
[Date "2011.09.16"]
[Round "6"]
[White "Kingofknights"]
[Black "rubo"]
[Result "1-0"]
[WhiteElo "1651"]
[BlackElo "1628"]
[Opening "Budapest defense"]
[ECO "A52"]
[Time "21:00:41"]
[TimeControl "2700+45"]

1. d4 Nf6 2. c4 e5 3. dxe5 Ng4 4. Qd4 d6 5. Nf3 Nc6 6. Qe4 dxe5 7. a3 Qd1+ 8.
Kxd1 Nxf2+ 9. Ke1 Nxe4 10. Nbd2 Nxd2 11. Bxd2 Be7 12. e4 Bg4 13. Be2 O-O 14. Bc3
Bf6 15. Kf2 Rad8 16. Rhd1 a6 17. Rd5 Bxf3 18. gxf3 Ne7 19. Rc5 Nc6 20. Rd5 Rxd5
21. cxd5 Na7 22. Bb4 Rd8 23. Rc1 c6 24. d6 Nc8 25. Rd1 Rd7 26. Bf1 Bh4+ 27. Ke2
g6 28. Bh3 f5 29. exf5 gxf5 30. Bxf5 Rd8 31. d7 Ne7 32. Be6+ Kg7 33. Ba5 Nd5 34.
Bxd5 Rxd7 35. Be6 Rxd1 36. Kxd1 Bf2 37. Bc3 Kf6 38. Bc8 b6 39. Bxa6 Ke6 40. Ke2
Bg1 41. Bc4+ Kd6 42. h4 Bh2 43. Kd3 h5 44. Be1 Ke7 45. Ke4 Kf6 46. a4 Bf4 47.
Bf2 b5 48. axb5 cxb5 49. Bxb5 Bc1 50. b3 Bb2 51. Be8 Kg7 52. Bxh5 Kh6 53. Be8
Bc3 54. h5 Bb2 55. b4 Bc3 56. b5 Kg5 57. b6 Ba5 58. Kxe5 Bc3+ 59. Ke4 Ba5 60.
Be3+ Kf6 61. Bd7 Kg7 62. Bf5 Kf7 63. h6 Kg8 64. h7+ {Black resigns} 1-0

[Event "Team 45 45 League T50"]
[Site "Internet Chess Club"]
[Date "2011.09.16"]
[Round "6"]
[White "QueensCounselor"]
[Black "eurander"]
[Result "1/2-1/2"]
[WhiteElo "2178"]
[BlackElo "2157"]
[Opening "QGD semi-Slav"]
[ECO "D43"]
[Time "15:00:29"]
[TimeControl "2700+45"]

1. d4 d5 2. c4 c6 3. Nf3 Nf6 4. Nc3 e6 5. Bg5 h6 6. Bh4 dxc4 7. e4 g5 8. Bg3 b5
9. Be2 Bb7 10. O-O Nbd7 11. Ne5 Bg7 12. Nxd7 Nxd7 13. Bd6 Bf8 14. Bxf8 Rxf8 15.
e5 Qb6 16. Ne4 O-O-O 17. Nd6+ Kb8 18. a4 a6 19. axb5 cxb5 20. b3 cxb3 21. Nxb7
Kxb7 22. Bf3+ Ka7 23. Qxb3 f6 24. Rfc1 Rc8 25. Qb2 fxe5 26. dxe5 Rc5 27. Re1 Rc4
28. Red1 Nc5 29. Rd6 Qb8 30. Rad1 Rc8 31. h3 Na4 32. Qd2 Nc3 33. Rd7+ R8c7 34.
Qe3+ Qb6 35. Qxb6+ Kxb6 36. R7d6+ Ka7 37. Ra1 Na4 38. Rxe6 Rc1+ 39. Rxc1 Rxc1+
40. Kh2 Re1 41. Rxh6 Rxe5 42. Rh5 Rc5 43. h4 gxh4 44. Rxh4 a5 45. g4 Nc3 46. Rh5
Kb6 47. Rh6+ Ka7 48. Rh7+ Kb6 49. Rh6+ Ka7 50. Rh7+ Kb6 51. Rh6+ Ka7 52. Rh7+
{Game drawn by repetition} 1/2-1/2

[Event "Team 45 45 League T50"]
[Site "Internet Chess Club"]
[Date "2011.09.17"]
[Round "6"]
[White "VietLion"]
[Black "fledermaus"]
[Result "1-0"]
[WhiteElo "1935"]
[BlackElo "1925"]
[Opening "Sicilian: Scheveningen, Keres attack"]
[ECO "B81"]
[Time "16:30:35"]
[TimeControl "2700+45"]

1. e4 c5 2. Nf3 e6 3. d4 cxd4 4. Nxd4 Nf6 5. Nc3 d6 6. g4 h6 7. h4 Be7 8. Qf3 h5
9. g5 Ng4 10. Bh3 g6 11. b3 d5 12. Bb2 e5 13. Nde2 d4 14. O-O-O Be6 15. Nd5 Nd7
16. Nxe7 Qxe7 17. Kb1 O-O 18. Qg3 b5 19. Nc1 Nc5 20. f3 Ne3 21. Qxe5 Nxd1 22.
Bxd4 f6 23. gxf6 Qf7 24. Bxc5 Bxh3 25. Rxh3 Rfe8 26. Be7 Rac8 27. Rg3 Kh7 28.
Nd3 Nc3+ 29. Kb2 Nd1+ 30. Kc1 Ne3 31. c3 b4 32. c4 Nxc4 33. bxc4 Qxc4+ 34. Kd2
Qc2+ 35. Ke3 Rc3 36. Qd5 Qc1+ 37. Kd4 Rxd3+ 38. Kxd3 Qd1+ 39. Ke3 Qe1+ 40. Kf4
Qc1+ 41. Ke5 Qc7+ 42. Qd6 Qc3+ 43. Qd4 Qc7+ 44. Qd6 Qc3+ 45. Ke6 Qc4+ 46. Qd5
Qc8+ 47. Kf7 Rh8 48. Rxg6 Qe8+ 49. Ke6 Qc8+ 50. Qd7 Kxg6 51. Qxc8 Rxc8 52. f7
Rc6+ 53. Kd7 Kxf7 54. Kxc6 Kxe7 55. Kb5 {Black resigns} 1-0

[Event "Team 45 45 League T50"]
[Site "Internet Chess Club"]
[Date "2011.09.16"]
[Round "6"]
[White "jonesey"]
[Black "subterfuge"]
[Result "1-0"]
[WhiteElo "1970"]
[BlackElo "1750"]
[Opening "Queen's Indian: anti-Queen's Indian system"]
[ECO "E10"]
[Time "14:01:29"]
[TimeControl "2700+45"]

1. d4 Nf6 2. Nf3 e6 3. c4 Be7 4. Nc3 b6 5. g3 Bb7 6. Bg2 d5 7. O-O O-O 8. Ne5
Nbd7 9. Qa4 c5 10. Nc6 Bxc6 11. Qxc6 Rc8 12. Qa4 cxd4 13. Nb5 Rxc4 14. Qxa7 Qa8
15. Qxa8 Rxa8 16. Rd1 e5 17. Bg5 Rc5 18. a4 h6 19. Bd2 Rc2 20. b3 Ne4 21. Be1
Rxe2 22. Nc7 Ra7 23. Nxd5 Ndf6 24. Nxb6 Nc5 25. Nc8 Rd7 26. Nxe7+ Kh8 27. b4 Ne6
28. Bf1 Rxe1 29. Rxe1 Rxe7 30. Rxe5 Nd7 31. Ree1 Nb6 32. a5 Nd5 33. b5 Nb4 34.
Reb1 Nd5 35. b6 Nc5 36. Rb5 {Black resigns} 1-0

[Event "Team 45 45 League T50"]
[Site "Internet Chess Club"]
[Date "2011.09.18"]
[Round "6"]
[White "RD1974"]
[Black "civilization"]
[Result "0-1"]
[WhiteElo "1726"]
[BlackElo "1787"]
[Opening "Sicilian: closed, Korchnoi variation"]
[ECO "B23"]
[Time "19:07:15"]
[TimeControl "2700+45"]

1. e4 c5 2. Nc3 e6 3. g3 d5 4. exd5 exd5 5. Bg2 Nf6 6. d4 cxd4 7. Qxd4 Nc6 8.
Qe3+ Be7 9. Qd3 Nb4 10. Qd1 Bf5 11. Qe2 Nxc2+ 12. Kf1 Nxa1 13. Bf4 O-O 14. Nf3
Nc2 15. a3 Re8 16. Qd2 Ne4 17. Nxe4 dxe4 18. Qxc2 exf3 19. Qb3 fxg2+ 20. Kxg2
Be6 21. Qe3 Qd5+ 22. f3 Bc5 23. Qc1 Bf5 24. Re1 Qd4 {White resigns} 0-1

[Event "Team 45 45 League T50"]
[Site "Internet Chess Club"]
[Date "2011.09.18"]
[Round "6"]
[White "NFork"]
[Black "MJYSONG"]
[Result "1-0"]
[WhiteElo "2284"]
[BlackElo "1863"]
[Opening "Nimzovich-Larsen attack: modern variation"]
[ECO "A01"]
[Time "14:01:30"]
[TimeControl "2700+45"]

1. b3 e5 2. Bb2 Nc6 3. e3 Nf6 4. Nf3 Bd6 5. d4 Qe7 6. Be2 O-O 7. O-O Re8 8. Re1
b6 9. a3 a5 10. c4 e4 11. Nfd2 Bb7 12. Nc3 Nd8 13. Nb5 h6 14. Qc2 c6 15. Nxd6
Qxd6 16. c5 Qc7 17. Nc4 b5 18. Nd6 Re7 19. Bf1 g6 20. g3 a4 21. b4 Bc8 22. Bg2
Ne8 23. Nxe8 Rxe8 24. d5 cxd5 25. Qc3 Kf8 26. Qg7+ Ke7 27. Bf6+ Ke6 28. Bh3#
{Black checkmated} 1-0

[Event "Team 45 45 League T50"]
[Site "Internet Chess Club"]
[Date "2011.09.17"]
[Round "6"]
[White "Razvanel"]
[Black "DarkFlow"]
[Result "1-0"]
[WhiteElo "1992"]
[BlackElo "1909"]
[Opening "Petrov: Nimzovich attack"]
[ECO "C42"]
[Time "12:00:27"]
[TimeControl "2700+45"]

1. e4 e5 2. Nf3 Nf6 3. Nxe5 d6 4. Nf3 Nxe4 5. Nc3 Nxc3 6. dxc3 Be7 7. Bd3 O-O 8.
Be3 Nc6 9. Be4 Bg4 10. h3 Bxf3 11. Qxf3 Ne5 12. Qe2 c6 13. O-O-O f5 14. Bd3
Nxd3+ 15. Qxd3 Qa5 16. Kb1 d5 17. Rhe1 Rae8 18. Bd4 f4 19. Re6 Qd8 20. Rde1 c5
21. Be5 Bg5 22. Bd6 Rxe6 23. Rxe6 Rf6 24. Qxd5 Rxe6 25. Qxe6+ Kh8 26. a3 b6 27.
Qf7 h6 28. Be5 Bf6 29. Bxf4 Kh7 30. Kc1 Qa8 31. f3 a6 32. Qe6 Qb7 33. Qe4+ Qxe4
34. fxe4 c4 35. Kd2 Kg6 36. Ke3 Kf7 37. e5 Be7 38. Kd4 b5 39. Kd5 g5 40. e6+ Kf6
41. Be5+ Kf5 42. g4+ Kg6 43. Bd6 {Black resigns} 1-0

[Event "Team 45 45 League T50"]
[Site "Internet Chess Club"]
[Date "2011.09.20"]
[Round "6"]
[White "BigH"]
[Black "crimsonviper"]
[Result "1-0"]
[WhiteElo "1975"]
[BlackElo "1873"]
[Opening "Queen's pawn game"]
[ECO "D04"]
[Time "08:01:26"]
[TimeControl "2700+45"]

1. Nf3 d5 2. d4 Nf6 3. e3 Bg4 4. c4 e6 5. Qb3 Qc8 6. Nc3 Bxf3 7. gxf3 c6 8. e4
g6 9. Bg5 Bg7 10. e5 dxc4 11. Bxc4 Nd5 12. Ne4 O-O 13. Nd6 Qc7 14. Qxb7 Qxb7 15.
Nxb7 Nd7 16. O-O-O f6 17. exf6 N7xf6 18. Nc5 Kf7 19. Rhe1 Rfe8 20. Re2 Re7 21.
Rde1 Rae8 22. Nd3 Rc7 23. Bd2 Nd7 24. Nf4 N7b6 25. Bb3 Rce7 26. Re4 e5 27. Bb4
exf4 28. Rxe7+ Rxe7 29. Rxe7+ Kf6 30. Rxa7 Nxb4 31. Rf7+ {Black resigns} 1-0